Map: Ruins of Seras

Players

Miszu

  • Race: Terran Terran
  • League: Master

MelloW (Nina) - Winner!

  • Race: Protoss Protoss

VOD

Have the link to the VOD?

Description

Time

  • Played on: Feb. 5, 2016, 9:31 a.m.
  • Length: 11:03
Show
View Real Time Build Order
Export as new Build Order

Miszu Terran 

Build Orders: Command Center First (CC), MMM Bio 

Get SALT Encoding   

  12  0:01  SCV  
  13  0:13  SCV  
  14  0:18  Supply Depot  
  14  0:25  SCV  
  15  0:39  SCV  
  16  0:51  SCV  
  17  1:01  Command Center  
  17  1:04  SCV  
  18  1:17  SCV  
  19  1:19  Barracks  
  19  1:29  SCV  
  20  1:35  Barracks  
  20  1:41  SCV  
  21  1:53  SCV  
  22  1:54  Barracks  
  22  2:06  Marine, Orbital Command  
  23  2:15  Orbital Command  
  23  2:22  Marine  
  24  2:24  Marine  
  25  2:31  SCV  
  26  2:40  Marine  
  26  2:41  Refinery, Marine  
  26  2:42  Refinery, Marine  
  26  2:43  SCV  
  30  2:47  SCV  
  31  2:55  SCV  
  31  2:57  Marine  
  33  2:59  SCV  
  33  3:01  Supply Depot  
  34  3:07  Marine  
  34  3:08  SCV  
  34  3:11  SCV  
  36  3:15  Supply Depot, Bunker  
  36  3:17  Marine  
  36  3:19  Barracks Tech Lab  
  37  3:20  SCV  
  37  3:23  SCV  
  39  3:27  Marine  
  39  3:32  SCV  
  41  3:35  SCV  
  41  3:36  Marine  
  41  3:38  Marine  
  44  3:42  Stimpack  
  44  3:44  SCV  
  44  3:45  Marine  
  44  3:47  SCV  
  47  3:53  Marine  
  47  3:54  Factory  
  48  3:56  SCV  
  48  3:59  Marine, SCV  
  51  4:06  Marine  
  51  4:08  SCV  
  51  4:09  Refinery  
  52  4:11  SCV  
  52  4:16  Marine  
  54  4:26  SCV  
  54  4:30  Engineering Bay  
  54  4:34  Supply Depot  
  54  4:35  Supply Depot  
  54  4:36  Barracks Reactor, Barracks Tech Lab  
  54  4:38  Starport  
  54  4:39  Factory Reactor  
  54  4:43  Supply Depot  
  54  4:56  Marauder x2, SCV x2  
  54  4:59  Supply Depot  
  60  5:01  Refinery  
  60  5:07  Supply Depot, Liberator  
  60  5:08  SCV x2  
  60  5:09  Liberator  
  60  5:12  Marine x2  
  64  5:20  SCV x2  
  66  5:22  Marine x2  
  74  5:30  Marine x2  
  74  5:32  SCV  
  77  5:37  Command Center  
  77  5:40  Marine  
  77  5:59  Barracks Tech Lab, Marauder  
  77  6:00  Marine x2  
  77  6:02  SCV  
  82  6:07  Supply Depot, Medivac  
  82  6:09  Medivac  
  77  6:20  Liberator  
  76  6:28  Marine  
  76  6:29  Marine x2, Marauder  
  81  6:33  SCV x2  
  86  6:40  Barracks  
  86  6:42  Barracks  
  86  6:45  SCV  
  86  6:46  Marine, SCV  
  85  6:50  Marauder  
  62  7:03  SCV  
  62  7:04  SCV  
  62  7:08  Liberator  
  58  7:12  Marauder, Liberator  
  58  7:15  Marine x2  
  60  7:16  Marine  
  60  7:18  SCV  
  67  7:30  Marine  
  67  7:33  Marine x2, Marauder  
  67  7:36  Marine  
  73  7:45  Orbital Command  
  72  7:55  Marauder  
  73  7:59  Marine  
  73  8:03  Marine x2  
  73  8:05  Marine x2  
  78  8:06  Combat Shields  
  75  8:16  Marauder  
  65  8:31  Orbital Command  
  58  8:34  Marine x5  
  58  8:37  Marauder  
  65  8:52  Marine x2  
  66  8:59  Marauder  
  66  9:00  Marine x3  
  69  9:09  Marine  
  69  9:10  Marine  
  71  9:18  Marine x3  
  71  9:20  Marauder  
  68  9:26  SCV x2  
  68  9:27  SCV  
  68  9:28  Marine x2  
  65  9:35  Liberator x2  
  65  9:36  Marine x3  
  68  9:42  Marauder  
  70  9:45  Marine  
  70  9:48  SCV x3  
  70  9:50  Marine  
  81  9:53  Marine  
  82  10:00  SCV x2  
  82  10:03  Marauder  
  82  10:06  Marine  
  87  10:10  SCV  
  87  10:12  SCV x2  
  90  10:14  Fusion Core  
  90  10:15  Starport  
  90  10:16  Marine x2  
  90  10:17  Marine x2  
  94  10:24  Marauder  
  91  10:33  Marine  
  91  10:34  Marine  
  69  10:39  Marine x3  
Show
View Real Time Build Order
Export as new Build Order

MelloW Protoss - Winner!

Build Orders: Nexus First, Blink Stalkers 

Get SALT Encoding   

  12  0:01  Probe (Chrono Boost)  
  13  0:11  Probe (Chrono Boost)  
  14  0:19  Pylon  
  14  0:22  Probe (Chrono Boost)  
  15  0:37  Probe (Chrono Boost)  
  16  0:48  Probe (Chrono Boost)  
  17  0:58  Nexus  
  17  1:09  Gateway  
  17  1:13  Probe (Chrono Boost)  
  18  1:23  Probe (Chrono Boost)  
  18  1:24  Assimilator  
  19  1:25  Assimilator  
  19  1:34  Probe (Chrono Boost)  
  20  1:40  Gateway  
  20  1:44  Probe (Chrono Boost)  
  21  1:55  Probe (Chrono Boost)  
  21  1:58  Cybernetics Core  
  22  2:05  Probe (Chrono Boost)  
  23  2:12  Probe (Chrono Boost)  
  24  2:16  Probe (Chrono Boost)  
  25  2:23  Probe (Chrono Boost)  
  25  2:26  Probe (Chrono Boost)  
  27  2:33  Probe (Chrono Boost)  
  27  2:35  Stalker x2 (Chrono Boost)  
  27  2:37  Warp Gate, Probe (Chrono Boost)  
  33  2:44  Probe  
  35  2:51  Probe  
  35  2:52  Twilight Council  
  35  2:57  Probe (Chrono Boost)  
  36  3:02  Pylon  
  36  3:03  Probe (Chrono Boost)  
  37  3:09  Probe (Chrono Boost)  
  37  3:10  Pylon  
  38  3:20  Mothership Core (Chrono Boost)  
  38  3:21  Probe (Chrono Boost)  
  41  3:28  Blink (Chrono Boost)  
  41  3:31  Probe (Chrono Boost)  
  42  3:37  Probe  
  43  3:43  Probe  
  43  3:48  Probe  
  44  3:49  Robotics Facility  
  44  3:54  Gateway  
  44  3:55  Gateway, Probe  
  46  3:58  Gateway, Probe  
  47  4:07  Probe  
  47  4:09  Probe  
  49  4:17  Nexus  
  49  4:21  Pylon  
  49  4:22  Probe  
  49  4:23  Probe  
  49  4:34  Probe x2  
  49  4:36  Warp Prism (Chrono Boost)  
  49  4:37  Assimilator x2  
  53  4:44  Pylon  
  53  4:46  Probe  
  53  4:50  Stalker x2  
  58  4:55  Probe  
  58  4:58  Probe  
  60  5:02  Stalker  
  60  5:03  Stalker  
  60  5:04  Stalker  
  66  5:07  Probe  
  66  5:09  Observer (Chrono Boost)  
  66  5:10  Probe  
  69  5:19  Pylon, Probe  
  70  5:24  Pylon  
  70  5:29  Pylon, Probe  
  70  5:32  Stalker x2  
  70  5:33  Stalker  
  78  5:35  Observer (Chrono Boost)  
  78  5:51  Probe (Chrono Boost)  
  78  5:52  Stalker x2  
  83  5:57  Pylon, Stalker  
  83  5:58  Stalker x2  
  83  6:00  Probe x2 (Chrono Boost)  
  83  6:04  Pylon  
  92  6:05  Probe (Chrono Boost)  
  88  6:23  Probe x2 (Chrono Boost)  
  88  6:24  Stalker x4  
  88  6:25  Stalker  
  98  6:26  Probe (Chrono Boost)  
  98  6:29  Forge  
  99  6:35  Probe (Chrono Boost)  
  99  6:36  Forge  
  100  6:49  Stalker  
  100  6:50  Stalker  
  84  7:06  Protoss Ground Armor Level 1 (Chrono Boost)  
  71  7:09  Probe x2 (Chrono Boost)  
  71  7:13  Stalker x2  
  71  7:14  Stalker x3  
  78  7:18  Protoss Ground Weapons Level 1 (Chrono Boost)  
  78  7:21  Robotics Bay  
  78  7:22  Warp Prism (Chrono Boost), Probe  
  80  7:23  Probe x2  
  82  7:33  Pylon  
  82  7:34  Probe  
  82  7:35  Gateway  
  82  7:36  Gateway  
  83  7:38  Stalker x2  
  83  7:39  Stalker  
  89  7:44  Probe  
  89  7:45  Stalker  
  89  7:46  Stalker  
  94  7:56  Observer (Chrono Boost)  
  95  8:02  Stalker x2  
  95  8:03  Stalker  
  85  8:24  Stalker x2  
  85  8:27  Stalker x2  
  79  8:38  Disruptor (Chrono Boost)  
  82  8:47  Stalker x2  
  82  8:48  Stalker x2  
  90  8:59  Stalker x2  
  92  9:11  Disruptor (Chrono Boost)  
  92  9:14  Zealot x4  
  92  9:15  Gateway, Zealot  
  92  9:16  Gateway  
  80  9:32  Stalker x2  
  80  9:35  Stalker  
  80  9:36  Stalker x2  
  90  9:39  Assimilator  
  90  9:40  Assimilator  
  90  9:46  Stalker  
  90  9:51  Pylon  
  92  9:53  Pylon  
  92  9:56  Nexus, Pylon  
  92  9:59  Pylon  
  92  10:06  Stalker x5  
  100  10:14  Zealot x2  
  104  10:26  Adept x2  
  94  10:36  Stalker x5  
  94  10:37  Stalker  
  88  10:56  Stalker x2  
Tags
 
Add a new tag
Caveats
  • Supply blocks, unpowered buildings, or Contaminate may cause inaccurate times.
  • Supply counts are checked every 10 seconds.